TOP OF THE 1ST |
Everett AquaSox batting - Pitching for Spokane Indians : RHP Javier Cabrera
|
Pitching: RHP Javier Cabrera
|
|
Batting: SHB Tony Morales
|
0-0: Foul Ball, location: 2F 0-1: Foul Ball, location: 2F 0-2: Fly out, F4 (Popup, 34D, EV 36.9 MPH)
|
Batting: RHB Eddie Luna
|
0-0: Called Strike 0-1: Ground out 6-3 (Groundball, 6, EV 86.2 MPH)
|
Batting: RHB Marco Diaz
|
0-0: Called Strike 0-1: Foul Ball, location: 2F 0-2: Strikes out swinging
|
Top of the 1st over - 0 runs, 0 hits, 0 errors, 0 left on base; Everett 0 - Spokane 0 |
BOTTOM OF THE 1ST |
Spokane Indians batting - Pitching for Everett AquaSox : RHP Jose Albarran
|
Pitching: RHP Jose Albarran
|
|
Batting: RHB Theo van Gent
|
0-0: Ball 1-0: SINGLE (Groundball, 6MD, EV 106.9 MPH)
|
Batting: RHB Josh Whitmore
|
0-0: Called Strike 0-1: Ball Theo van Gent steals 2nd, throwing error, E2 Theo van Gent to third 1-1: Foul Ball, location: 2F 1-2: Ball 2-2: Strikes out looking
|
Batting: RHB Mike Thornton
|
0-0: Called Strike 0-1: Ground out 6-3 (Groundball, 56D, EV 102.5 MPH) Theo van Gent scores
|
Batting: RHB Vinny Luna
|
0-0: Ball 1-0: Swinging Strike 1-1: Swinging Strike 1-2: Ball 2-2: Ground out 1-3 (Groundball, 13S, EV 63.1 MPH)
|
Bottom of the 1st over - 1 run, 1 hit, 1 error, 0 left on base; Everett 0 - Spokane 1 |
TOP OF THE 2ND |
Everett AquaSox batting - Pitching for Spokane Indians : RHP Javier Cabrera
|
Batting: LHB William Gonzales
|
0-0: Foul Ball, location: 2F 0-1: Ball 1-1: Ball 2-1: Ball 3-1: Base on Balls
|
Batting: RHB Jose Zuniga
|
0-0: Called Strike 0-1: Ball 1-1: Foul Ball, location: 2F 1-2: Strikes out swinging
|
Batting: RHB Tai Joo
|
0-0: Called Strike 0-1: Swinging Strike 0-2: Ball 1-2: Foul Ball, location: 2F 1-2: Ball 2-2: SINGLE (Groundball, 6MD, EV 98.8 MPH) William Gonzales to second
|
Batting: RHB Heihachiro Fujita
|
0-0: Ball 1-0: Fielders Choice at 2nd, 3-6 (Groundball, 23, EV 80.0 MPH) William Gonzales to third
|
Batting: LHB Ryan Daniels
|
0-0: Foul Ball, location: 2F 0-1: Ball 1-1: Foul Ball, location: 2F 1-2: Fly out, F8 (Flyball, 8RS, EV 93.1 MPH)
|
Top of the 2nd over - 0 runs, 1 hit, 0 errors, 2 left on base; Everett 0 - Spokane 1 |
BOTTOM OF THE 2ND |
Spokane Indians batting - Pitching for Everett AquaSox : RHP Jose Albarran
|
Batting: RHB Dennis Daniels
|
0-0: Called Strike 0-1: Ball 1-1: Ball 2-1: Ball 3-1: Fly out, F8 (Flyball, 8RM, EV 93.8 MPH)
|
Batting: LHB Casper Kersten
|
0-0: Ball 1-0: Ball 2-0: Called Strike 2-1: Swinging Strike 2-2: Fly out, F9 (Flyball, 9D, EV 90.6 MPH)
|
Batting: LHB Walter Vegter
|
0-0: DOUBLE (Line Drive, 7LS, EV 104.4 MPH)
|
Batting: RHB Gavin Fimple
|
0-0: Ball Walter Vegter steals 3rd base (no throw) 1-0: Ground out 6-3 (Groundball, 6, EV 94.4 MPH)
|
Bottom of the 2nd over - 0 runs, 1 hit, 0 errors, 1 left on base; Everett 0 - Spokane 1 |
TOP OF THE 3RD |
Everett AquaSox batting - Pitching for Spokane Indians : RHP Javier Cabrera
|
Batting: RHB Jwahir Pili
|
0-0: Ground out 6-3 (Groundball, 6M, EV 106.9 MPH)
|
Batting: SHB Tony Morales
|
0-0: Called Strike 0-1: Called Strike 0-2: Strikes out swinging
|
Batting: RHB Eddie Luna
|
0-0: Swinging Strike 0-1: Called Strike 0-2: Strikes out looking
|
Top of the 3rd over - 0 runs, 0 hits, 0 errors, 0 left on base; Everett 0 - Spokane 1 |
BOTTOM OF THE 3RD |
Spokane Indians batting - Pitching for Everett AquaSox : RHP Jose Albarran
|
Batting: RHB Alex Vazquez
|
0-0: Ball 1-0: Ground out 4-3 (Groundball, 4, EV 86.2 MPH)
|
Batting: RHB Theo van Gent
|
0-0: Ball 1-0: Foul Ball, location: 2F 1-1: Called Strike 1-2: Ground out 4-3 (Groundball, 4, EV 88.1 MPH)
|
Batting: RHB Josh Whitmore
|
0-0: Ball 1-0: Foul Ball, location: 2F 1-1: Ball 2-1: Swinging Strike 2-2: Foul Ball, location: 2F 2-2: Strikes out swinging
|
Bottom of the 3rd over - 0 runs, 0 hits, 0 errors, 0 left on base; Everett 0 - Spokane 1 |
TOP OF THE 4TH |
Everett AquaSox batting - Pitching for Spokane Indians : RHP Javier Cabrera
|
Batting: RHB Marco Diaz
|
0-0: Foul Ball, location: 2F 0-1: Called Strike 0-2: Ball 1-2: Ground out 5-3 (Groundball, 5, EV 97.5 MPH)
|
Batting: LHB William Gonzales
|
0-0: Ball 1-0: Ball 2-0: Ball 3-0: Base on Balls
|
Batting: RHB Jose Zuniga
|
0-0: Ball 1-0: Fielders Choice at 2nd, 5-4 (Groundball, 5S, EV 86.9 MPH)
|
Batting: RHB Tai Joo
|
0-0: Ball 1-0: Called Strike 1-1: Ball 2-1: Ball 3-1: Foul Ball, location: 2F 3-2: Foul Ball, location: 2F 3-2: Foul Ball, location: 2F 3-2: Ground out 6-3 (Groundball, 6, EV 78.8 MPH)
|
Top of the 4th over - 0 runs, 0 hits, 0 errors, 1 left on base; Everett 0 - Spokane 1 |
BOTTOM OF THE 4TH |
Spokane Indians batting - Pitching for Everett AquaSox : RHP Jose Albarran
|
Batting: RHB Mike Thornton
|
0-0: Called Strike 0-1: Swinging Strike 0-2: Strikes out looking
|
Batting: RHB Vinny Luna
|
0-0: Ball 1-0: Ball 2-0: Foul Ball, location: 2F 2-1: Ground out U3 (Groundball, 3, EV 106.2 MPH)
|
Batting: RHB Dennis Daniels
|
0-0: Swinging Strike 0-1: Foul Ball, location: 2F 0-2: Ball 1-2: SINGLE (Groundball, 6D, EV 96.2 MPH)
|
Batting: LHB Casper Kersten
|
0-0: Called Strike 0-1: SINGLE (Line Drive, 89S, EV 95.0 MPH) Dennis Daniels to second Runner from 2nd tries for 3rd, OUT! 9-5
|
Bottom of the 4th over - 0 runs, 2 hits, 0 errors, 1 left on base; Everett 0 - Spokane 1 |
TOP OF THE 5TH |
Everett AquaSox batting - Pitching for Spokane Indians : RHP Javier Cabrera
|
Batting: RHB Heihachiro Fujita
|
0-0: Ball 1-0: Swinging Strike 1-1: Ground out 3-1 (Groundball, 34, EV 90.6 MPH)
|
Batting: LHB Ryan Daniels
|
0-0: Called Strike 0-1: Swinging Strike 0-2: Strikes out looking
|
Batting: RHB Jwahir Pili
|
0-0: Ball 1-0: Ground out 5-3 (Groundball, 56S, EV 85.0 MPH)
|
Top of the 5th over - 0 runs, 0 hits, 0 errors, 0 left on base; Everett 0 - Spokane 1 |
BOTTOM OF THE 5TH |
Spokane Indians batting - Pitching for Everett AquaSox : RHP Jose Albarran
|
Batting: LHB Walter Vegter
|
0-0: Foul Ball, location: 2F 0-1: Ball 1-1: SINGLE (Groundball, 15S, EV 68.1 MPH) (infield hit)
|
Batting: RHB Gavin Fimple
|
0-0: Ball Walter Vegter steals 2nd base 1-0: Ball Walter Vegter steals 3rd base (no throw) 2-0: Ground out 4-3 (Groundball, 4M, EV 92.5 MPH) Walter Vegter scores
|
Batting: RHB Alex Vazquez
|
0-0: Called Strike 0-1: Ball 1-1: Ball 2-1: Ground out 4-3 (Groundball, 34, EV 85.0 MPH)
|
Batting: RHB Theo van Gent
|
0-0: Called Strike 0-1: Called Strike 0-2: Strikes out swinging
|
Bottom of the 5th over - 1 run, 1 hit, 0 errors, 0 left on base; Everett 0 - Spokane 2 |
TOP OF THE 6TH |
Everett AquaSox batting - Pitching for Spokane Indians : RHP Javier Cabrera
|
Batting: SHB Tony Morales
|
0-0: Swinging Strike 0-1: Ball 1-1: Foul Ball, location: 2F 1-2: Ball 2-2: Strikes out looking
|
Batting: RHB Eddie Luna
|
0-0: Called Strike 0-1: Swinging Strike 0-2: Foul Ball, location: 2F 0-2: Strikes out swinging
|
Batting: RHB Marco Diaz
|
0-0: Ball 1-0: Ball 2-0: Foul Ball, location: 2F 2-1: Ball 3-1: Foul Ball, location: 2F 3-2: Foul Ball, location: 2F 3-2: SINGLE (Flyball, 8RS, EV 86.2 MPH)
|
Batting: LHB William Gonzales
|
0-0: Called Strike 0-1: Ball 1-1: Ball Wild Pitch! Marco Diaz to second 2-1: Ball 3-1: Ground out U3 (Groundball, 3, EV 86.9 MPH)
|
Top of the 6th over - 0 runs, 1 hit, 0 errors, 1 left on base; Everett 0 - Spokane 2 |
BOTTOM OF THE 6TH |
Spokane Indians batting - Pitching for Everett AquaSox : RHP Jose Albarran
|
Batting: RHB Josh Whitmore
|
0-0: Called Strike 0-1: Fly out, F7 (Flyball, 78D, EV 93.8 MPH)
|
Batting: RHB Mike Thornton
|
0-0: Foul Ball, location: 2F 0-1: Foul Ball, location: 2F 0-2: Ball 1-2: Fly out, F3 (Popup, 3F, EV 56.9 MPH)
|
Batting: RHB Vinny Luna
|
0-0: Ball 1-0: Called Strike 1-1: Ball 2-1: Ball 3-1: Base on Balls
|
Batting: RHB Dennis Daniels
|
0-0: Fly out, F6 (Line Drive, 56D, EV 68.1 MPH)
|
Bottom of the 6th over - 0 runs, 0 hits, 0 errors, 1 left on base; Everett 0 - Spokane 2 |
TOP OF THE 7TH |
Everett AquaSox batting - Pitching for Spokane Indians : RHP Javier Cabrera
|
Now at 1B: Jason Swisher
|
|
Batting: RHB Jose Zuniga
|
0-0: Ball 1-0: Ground out 6-3 (Groundball, 6, EV 82.5 MPH)
|
Batting: RHB Tai Joo
|
0-0: Ball 1-0: Ball 2-0: Called Strike 2-1: Called Strike 2-2: Foul Ball, location: 2F 2-2: Ground out U3 (Groundball, 3, EV 97.5 MPH)
|
Batting: RHB Heihachiro Fujita
|
0-0: Called Strike 0-1: Ground out 6-3 (Groundball, 6D, EV 90.0 MPH)
|
Top of the 7th over - 0 runs, 0 hits, 0 errors, 0 left on base; Everett 0 - Spokane 2 |
BOTTOM OF THE 7TH |
Spokane Indians batting - Pitching for Everett AquaSox : RHP Jose Albarran
|
Batting: LHB Casper Kersten
|
0-0: Foul Ball, location: 2F 0-1: Ball 1-1: Foul Ball, location: 2F 1-2: Ball 2-2: Ground out U3 (Groundball, 23, EV 78.1 MPH)
|
Batting: LHB Walter Vegter
|
0-0: Ground out U3 (Groundball, 3, EV 83.1 MPH)
|
Batting: RHB Gavin Fimple
|
0-0: Foul Ball, location: 2F 0-1: Swinging Strike 0-2: SINGLE (Flyball, 34D, EV 87.5 MPH)
|
Batting: RHB Alex Vazquez
|
0-0: Ball Gavin Fimple is caught stealing 2nd base 2-4
|
Bottom of the 7th over - 0 runs, 1 hit, 0 errors, 0 left on base; Everett 0 - Spokane 2 |
TOP OF THE 8TH |
Everett AquaSox batting - Pitching for Spokane Indians : RHP Javier Cabrera
|
Batting: LHB Ryan Daniels
|
0-0: Foul Ball, location: 2F 0-1: Fly out, F8 (Flyball, 8RM, EV 92.5 MPH)
|
Batting: RHB Jwahir Pili
|
0-0: Called Strike 0-1: Ball 1-1: Ball 2-1: Swinging Strike 2-2: Ball 3-2: Strikes out swinging
|
Batting: SHB Tony Morales
|
0-0: Ball 1-0: Ball 2-0: SINGLE (Line Drive, 56D, EV 94.4 MPH)
|
Batting: RHB Eddie Luna
|
0-0: Ball 1-0: Foul Ball, location: 2F 1-1: Ball 2-1: Foul Ball, location: 2F 2-2: Strikes out swinging
|
Top of the 8th over - 0 runs, 1 hit, 0 errors, 1 left on base; Everett 0 - Spokane 2 |
BOTTOM OF THE 8TH |
Spokane Indians batting - Pitching for Everett AquaSox : RHP Jose Albarran
|
Batting: RHB Alex Vazquez
|
0-0: Reached on error, E6 (Groundball, 6, EV 85.6 MPH)
|
Batting: RHB Theo van Gent
|
0-0: Reached on error, E1 (Groundball, 15S, EV 43.8 MPH) Alex Vazquez to third
|
Batting: RHB Jason Swisher
|
0-0: Ball 1-0: Called Strike 1-1: Foul Ball, location: 2F 1-2: Foul Ball, location: 2F 1-2: Ball 2-2: Ball 3-2: Foul Ball, location: 2F 3-2: Ground out 5-3 (Groundball, 5, EV 76.9 MPH)
|
Batting: RHB Mike Thornton
|
0-0: Intentional Walk
|
Batting: RHB Vinny Luna
|
0-0: Ball 1-0: Ball 2-0: SINGLE (Groundball, 4MD, EV 100.6 MPH) Alex Vazquez scores Theo van Gent to third Mike Thornton to second
|
Batting: RHB Dennis Daniels
|
0-0: Grounds into fielders choice 6-2 (Groundball, 6, EV 85.6 MPH) Mike Thornton to third Vinny Luna to second
|
Batting: LHB Casper Kersten
|
0-0: Called Strike 0-1: Ball 1-1: Called Strike 1-2: SINGLE (Groundball, 4D, EV 97.5 MPH) Mike Thornton scores Vinny Luna to third Dennis Daniels to second Runner from 3rd tries for Home, throw by CF and OUT! 8-2
|
Bottom of the 8th over - 2 runs, 2 hits, 2 errors, 2 left on base; Everett 0 - Spokane 4 |
TOP OF THE 9TH |
Everett AquaSox batting - Pitching for Spokane Indians : RHP Javier Cabrera
|
Batting: RHB Marco Diaz
|
0-0: Hit by Pitch
|
Pitching: RHP Victor Benitez
|
|
Batting: LHB William Gonzales
|
0-0: Ball 1-0: Called Strike 1-1: Ball 2-1: Foul Ball, location: 2F 2-2: Strikes out swinging
|
Pinch Hitting: LHB Chris Jackson
|
0-0: Called Strike 0-1: Foul Ball, location: 2F 0-2: Ball Wild Pitch! Marco Diaz to second 1-2: Strikes out swinging
|
Batting: RHB Tai Joo
|
0-0: Ball 1-0: Ball 2-0: Swinging Strike 2-1: Ball 3-1: Foul Ball, location: 2F 3-2: Foul Ball, location: 2F 3-2: Strikes out swinging
|
Top of the 9th over - 0 runs, 0 hits, 0 errors, 1 left on base; Everett 0 - Spokane 4 |
|